ITL
LOUISVILLE BATS @ CHATTANOOGA CHINPOKOMON
09/04/2028
 
TOP OF THE 1ST
Louisville Bats batting - Pitching for Chattanooga Chinpokomon : RHP Tomás González
Pitching: RHP Tomás González
Batting: LHB George Smith 0-0: Swinging Strike
0-1: Ball
1-1: Fly out, F7 (Flyball, 7)
Batting: RHB Dick Slagboom 0-0: Called Strike
0-1: Foul Ball, location: 2F
0-2: Strikes out swinging
Batting: RHB Eric Thompson 0-0: Called Strike
0-1: Foul Ball, location: 2F
0-2: Ball
1-2: SINGLE (Flyball, 89S)
Batting: LHB Mike Callahan 0-0: Fielders Choice at 2nd, 4-6 (Groundball, 4)
Top of the 1st over - 0 run(s), 1 hit(s), 0 error(s), 0 left on base; Louisville 0 - Chattanooga 0
BOTTOM OF THE 1ST
Chattanooga Chinpokomon batting - Pitching for Louisville Bats : LHP Ron Huggins
Pitching: LHP Ron Huggins
Batting: RHB Ben Barker 0-0: Foul Ball, location: 2F
0-1: Ball
1-1: Swinging Strike
1-2: Ball
2-2: Ball
3-2: Base on Balls
Batting: RHB Jeffrey Hicks 0-0: Ball
1-0: Foul Ball, location: 2F
1-1: 2-RUN HOME RUN (Flyball, 89XD), Distance : 383 ft
Batting: RHB Ramiro Chávez 0-0: Fly out, F4 (Popup, 34D)
Batting: RHB Jesús Tisnado 0-0: Swinging Strike
0-1: Foul Ball, location: 2F
0-2: Foul Ball, location: 2F
0-2: SOLO HOME RUN (Flyball, 7D), Distance : 372 ft
Batting: RHB Luis Antonio Velásquez 0-0: Ball
1-0: Ball
2-0: Ball
3-0: Base on Balls
Batting: RHB Kyung-bok Cho 0-0: Ball
1-0: Foul Ball, location: 2F
1-1: Foul Ball, location: 2F
1-2: Ball
2-2: Ground out 6-3 (Groundball, 6)
Luis Antonio Velásquez to second
Batting: RHB Ichizo Akiyama 0-0: Called Strike
0-1: Ball
1-1: Fly out, F3 (Popup, 3L)
Bottom of the 1st over - 3 run(s), 2 hit(s), 0 error(s), 1 left on base; Louisville 0 - Chattanooga 3
TOP OF THE 2ND
Louisville Bats batting - Pitching for Chattanooga Chinpokomon : RHP Tomás González
Batting: RHB Enrico Ramos 0-0: Fly out, F4 (Popup, 3D)
Batting: LHB Alex Henderson 0-0: Ball
1-0: Ground out 3-1 (Groundball, 34)
Batting: RHB Luis Peńa 0-0: Foul Ball, location: 2F
0-1: Foul Ball, location: 2F
0-2: Ball
1-2: SINGLE (Line Drive, 78S)
Batting: LHB Jeff Forsyth 0-0: Called Strike
0-1: Ground out U3 (Groundball, 3)
Top of the 2nd over - 0 run(s), 1 hit(s), 0 error(s), 1 left on base; Louisville 0 - Chattanooga 3
BOTTOM OF THE 2ND
Chattanooga Chinpokomon batting - Pitching for Louisville Bats : LHP Ron Huggins
Batting: RHB José Martínez 0-0: Ball
1-0: Foul Ball, location: 2F
1-1: Ball
2-1: Ball
3-1: Swinging Strike
3-2: Strikes out swinging
Batting: LHB Martin Davis 0-0: Ball
1-0: Foul Ball, location: 2F
1-1: Fly out, F6 (Line Drive, 6)
Batting: RHB Ben Barker 0-0: Called Strike
0-1: Foul Ball, location: 2F
0-2: SINGLE (Line Drive, 8LS)
Batting: RHB Jeffrey Hicks 0-0: Ball
1-0: Foul Ball, location: 2F
1-1: Called Strike
1-2: Ball
2-2: Ground out 6-3 (Groundball, 6S)
Bottom of the 2nd over - 0 run(s), 1 hit(s), 0 error(s), 1 left on base; Louisville 0 - Chattanooga 3
TOP OF THE 3RD
Louisville Bats batting - Pitching for Chattanooga Chinpokomon : RHP Tomás González
Batting: RHB Shawn Marshall 0-0: Ball
1-0: Ball
2-0: Ball
3-0: Called Strike
3-1: Base on Balls
Batting: LHB George Smith 0-0: Called Strike
0-1: Ball
1-1: Ball
2-1: Hit by Pitch
Shawn Marshall to second
Batting: RHB Dick Slagboom 0-0: Called Strike
0-1: Called Strike
0-2: Ball
1-2: Foul Ball, location: 2F
1-2: Ball
2-2: Foul Ball, location: 2F
2-2: SINGLE (Groundball, 6MD)
Shawn Marshall to third
George Smith to second
Batting: RHB Eric Thompson 0-0: Ball
1-0: Ball
2-0: SINGLE (Line Drive, 7LS)
Shawn Marshall scores
George Smith to third
Dick Slagboom to second
Batting: LHB Mike Callahan 0-0: Called Strike
0-1: Fly out, F7 (Flyball, 78D)
Runner from 3rd tags up, SCORES, no throw
Batting: RHB Enrico Ramos 0-0: Called Strike
0-1: Called Strike
0-2: Strikes out swinging
Batting: LHB Alex Henderson 0-0: Called Strike
0-1: Ball
1-1: Fielders Choice at 2nd, 4-6 (Groundball, 4)
Top of the 3rd over - 2 run(s), 2 hit(s), 0 error(s), 1 left on base; Louisville 2 - Chattanooga 3
BOTTOM OF THE 3RD
Chattanooga Chinpokomon batting - Pitching for Louisville Bats : LHP Ron Huggins
Batting: RHB Ramiro Chávez 0-0: Ball
1-0: Ball
2-0: Foul Ball, location: 2F
2-1: Foul Ball, location: 2F
2-2: SINGLE (Groundball, 56D)
Batting: RHB Jesús Tisnado 0-0: Called Strike
0-1: Ball
1-1: Ball
2-1: Called Strike
2-2: SINGLE (Line Drive, 8LS)
Ramiro Chávez to second
Batting: RHB Luis Antonio Velásquez 0-0: Called Strike
0-1: Foul Ball, location: 2F
0-2: Ball
1-2: Ball
2-2: Strikes out looking
Batting: RHB Kyung-bok Cho 0-0: Ball
1-0: Ball
2-0: Called Strike
2-1: Fly out, F8 (Flyball, 8LD)
Batting: RHB Ichizo Akiyama 0-0: Called Strike
0-1: Foul Ball, location: 2F
0-2: DOUBLE (Flyball, 7)
Ramiro Chávez scores
Jesús Tisnado to third
Batting: RHB José Martínez 0-0: Ball
1-0: Ball
2-0: SINGLE (Groundball, 34D)
Jesús Tisnado scores
Ichizo Akiyama to third
Runner from 3rd tries for Home, SAFE, no throw
Batting: LHB Martin Davis 0-0: Ball
1-0: Called Strike
1-1: Ball
2-1: Ball
3-1: Fly out, F9 (Flyball, 9LDF)
Bottom of the 3rd over - 3 run(s), 4 hit(s), 0 error(s), 1 left on base; Louisville 2 - Chattanooga 6
TOP OF THE 4TH
Louisville Bats batting - Pitching for Chattanooga Chinpokomon : RHP Tomás González
Batting: RHB Luis Peńa 0-0: Single, Error in OF, E8, batter to second base
Batting: LHB Jeff Forsyth 0-0: Called Strike
0-1: Ball
1-1: Called Strike
1-2: Strikes out looking
Batting: RHB Shawn Marshall 0-0: Foul Ball, location: 2F
0-1: Foul Ball, location: 2F
0-2: Ball
1-2: Ball
2-2: Foul Ball, location: 2F
2-2: Ball
3-2: Foul Ball, location: 2F
3-2: SINGLE (Line Drive, 56D)
Luis Peńa to third
Batting: LHB George Smith 0-0: Ball
1-0: Ball
2-0: Ball
3-0: Called Strike
3-1: Base on Balls
Shawn Marshall to second
Batting: RHB Dick Slagboom 0-0: Foul Ball, location: 2F
0-1: Ball
1-1: Called Strike
1-2: Foul Ball, location: 2F
1-2: Fly out, F9 (Flyball, 9)
Runner from 3rd tags up, SCORES, no throw
Batting: RHB Eric Thompson 0-0: Ball
1-0: Foul Ball, location: 2F
1-1: Ball
2-1: Fly out, F9 (Flyball, 89S)
Top of the 4th over - 1 run(s), 2 hit(s), 1 error(s), 2 left on base; Louisville 3 - Chattanooga 6
BOTTOM OF THE 4TH
Chattanooga Chinpokomon batting - Pitching for Louisville Bats : LHP Ron Huggins
Batting: RHB Ben Barker 0-0: Swinging Strike
0-1: Ball
1-1: Ground out 6-3 (Groundball, 6)
Batting: RHB Jeffrey Hicks 0-0: Ball
1-0: Called Strike
1-1: Ground out U3 (Groundball, 34)
Batting: RHB Ramiro Chávez 0-0: Ball
1-0: Ball
2-0: Swinging Strike
2-1: Ball
3-1: DOUBLE (Line Drive, 9LM)
Batting: RHB Jesús Tisnado 0-0: Ball
1-0: 2-RUN HOME RUN (Flyball, 9D), Distance : 382 ft
Pitching: LHP Dave Carbone
Batting: RHB Luis Antonio Velásquez 0-0: Ball
1-0: Fly out, F7 (Flyball, 7LSF)
Bottom of the 4th over - 2 run(s), 2 hit(s), 0 error(s), 0 left on base; Louisville 3 - Chattanooga 8
TOP OF THE 5TH
Louisville Bats batting - Pitching for Chattanooga Chinpokomon : RHP Tomás González
Batting: LHB Mike Callahan 0-0: Ball
1-0: Called Strike
1-1: Ball
2-1: SOLO HOME RUN (Flyball, 9LD), Distance : 353 ft
Batting: RHB Enrico Ramos 0-0: Swinging Strike
0-1: Foul Ball, location: 2F
0-2: Strikes out looking
Batting: LHB Alex Henderson 0-0: Ball
1-0: Ground out 4-3 (Groundball, 4)
Batting: RHB Luis Peńa 0-0: Swinging Strike
0-1: Swinging Strike
0-2: Strikes out swinging
Top of the 5th over - 1 run(s), 1 hit(s), 0 error(s), 0 left on base; Louisville 4 - Chattanooga 8
BOTTOM OF THE 5TH
Chattanooga Chinpokomon batting - Pitching for Louisville Bats : LHP Dave Carbone
Batting: RHB Kyung-bok Cho 0-0: Called Strike
0-1: Called Strike
0-2: Ball
1-2: Ball
2-2: Strikes out swinging
Batting: RHB Ichizo Akiyama 0-0: Ball
1-0: Ball
2-0: Called Strike
2-1: Ball
3-1: Called Strike
3-2: Foul Ball, location: 2F
3-2: Foul Ball, location: 2F
3-2: Foul Ball, location: 2F
3-2: Strikes out looking
Batting: RHB José Martínez 0-0: Called Strike
0-1: Called Strike
0-2: Ball
1-2: Ball
2-2: Ball
3-2: Foul Ball, location: 2F
3-2: Strikes out swinging
Bottom of the 5th over - 0 run(s), 0 hit(s), 0 error(s), 0 left on base; Louisville 4 - Chattanooga 8
TOP OF THE 6TH
Louisville Bats batting - Pitching for Chattanooga Chinpokomon : RHP Tomás González
Pitching: LHP Israel Polanco
Batting: LHB Jeff Forsyth 0-0: Called Strike
0-1: Fly out, F8 (Flyball, 8LD)
Batting: RHB Shawn Marshall 0-0: Ball
1-0: Foul Ball, location: 2F
1-1: Ball
2-1: Foul Ball, location: 2F
2-2: Ball
3-2: SINGLE (Line Drive, 3D)
Batting: LHB George Smith 0-0: Foul Ball, location: 2F
0-1: Ball
Shawn Marshall is caught stealing 2nd base
1-1: Foul Ball, location: 2F
1-2: Fly out, F7 (Flyball, 7S)
Top of the 6th over - 0 run(s), 1 hit(s), 0 error(s), 0 left on base; Louisville 4 - Chattanooga 8
BOTTOM OF THE 6TH
Chattanooga Chinpokomon batting - Pitching for Louisville Bats : LHP Dave Carbone
Batting: LHB Martin Davis 0-0: Swinging Strike
0-1: Ball
1-1: Ball
2-1: Ground out 4-3 (Groundball, 4)
Batting: RHB Ben Barker 0-0: Ball
1-0: Swinging Strike
1-1: Ball
2-1: Foul Ball, location: 2F
2-2: Foul Ball, location: 2F
2-2: Fly out, F8 (Flyball, 8RXD)
Batting: RHB Jeffrey Hicks 0-0: DOUBLE (Line Drive, 9LS)
Batting: RHB Ramiro Chávez 0-0: Ball
1-0: 2-RUN HOME RUN (Flyball, 7D), Distance : 391 ft
Batting: RHB Jesús Tisnado 0-0: SOLO HOME RUN (Flyball, 78XD), Distance : 397 ft
Pitching: RHP Manny Canseco
Batting: RHB Luis Antonio Velásquez 0-0: Swinging Strike
0-1: Ball
1-1: Swinging Strike
1-2: Strikes out looking
Bottom of the 6th over - 3 run(s), 3 hit(s), 0 error(s), 0 left on base; Louisville 4 - Chattanooga 11
TOP OF THE 7TH
Louisville Bats batting - Pitching for Chattanooga Chinpokomon : LHP Israel Polanco
Batting: RHB Dick Slagboom 0-0: Ball
1-0: Fly out, F9 (Flyball, 9)
Batting: RHB Eric Thompson 0-0: Foul Ball, location: 2F
0-1: Swinging Strike
0-2: Strikes out looking
Batting: LHB Mike Callahan 0-0: Ball
1-0: Ball
2-0: Foul Ball, location: 2F
2-1: Ball
3-1: Foul Ball, location: 2F
3-2: Foul Ball, location: 2F
3-2: Foul Ball, location: 2F
3-2: Base on Balls
Batting: RHB Enrico Ramos 0-0: Ball
1-0: Ball
2-0: Foul Ball, location: 2F
2-1: Ground out 6-3 (Groundball, 6)
Top of the 7th over - 0 run(s), 0 hit(s), 0 error(s), 1 left on base; Louisville 4 - Chattanooga 11
BOTTOM OF THE 7TH
Chattanooga Chinpokomon batting - Pitching for Louisville Bats : RHP Manny Canseco
Batting: RHB Kyung-bok Cho 0-0: Ball
1-0: Swinging Strike
1-1: Ground out 6-3 (Groundball, 6M)
Batting: RHB Ichizo Akiyama 0-0: Ball
1-0: Called Strike
1-1: Swinging Strike
1-2: Ball
2-2: Strikes out swinging
Batting: RHB José Martínez 0-0: Called Strike
0-1: Ball
1-1: Foul Ball, location: 2F
1-2: Ball
2-2: Strikes out looking
Bottom of the 7th over - 0 run(s), 0 hit(s), 0 error(s), 0 left on base; Louisville 4 - Chattanooga 11
TOP OF THE 8TH
Louisville Bats batting - Pitching for Chattanooga Chinpokomon : LHP Israel Polanco
Now at SS: Fernando Pérez
Batting: LHB Alex Henderson 0-0: Called Strike
0-1: Foul Ball, location: 2F
0-2: Ball
1-2: Ball
2-2: Fly out, F9 (Flyball, 89M)
Batting: RHB Luis Peńa 0-0: Fly out, F8 (Flyball, 8LS)
Batting: LHB Jeff Forsyth 0-0: Ground out U3 (Groundball, 3)
Top of the 8th over - 0 run(s), 0 hit(s), 0 error(s), 0 left on base; Louisville 4 - Chattanooga 11
BOTTOM OF THE 8TH
Chattanooga Chinpokomon batting - Pitching for Louisville Bats : RHP Manny Canseco
Batting: LHB Martin Davis 0-0: Fly out, F7 (Flyball, 7LMF)
Batting: RHB Ben Barker 0-0: Ball
1-0: Fly out, F7 (Flyball, 7S)
Batting: RHB Jeffrey Hicks 0-0: Ball
1-0: Called Strike
1-1: Ball
2-1: Foul Ball, location: 2F
2-2: Foul Ball, location: 2F
2-2: Strikes out swinging
Bottom of the 8th over - 0 run(s), 0 hit(s), 0 error(s), 0 left on base; Louisville 4 - Chattanooga 11
TOP OF THE 9TH
Louisville Bats batting - Pitching for Chattanooga Chinpokomon : LHP Israel Polanco
Now at 1B: Yasutoki Kojima
Batting: RHB Shawn Marshall 0-0: Ball
1-0: Called Strike
1-1: Ground out 3-1 (Groundball, 34S)
Batting: LHB George Smith 0-0: Ball
1-0: SINGLE (Groundball, 6MD)
Batting: RHB Dick Slagboom 0-0: Ball
1-0: Foul Ball, location: 2F
1-1: Foul Ball, location: 2F
1-2: Ball
2-2: Ball
3-2: Base on Balls
George Smith to second
Pitching: LHP Félix García
Batting: RHB Eric Thompson 0-0: SINGLE (Groundball, 4MD)
George Smith to third
Dick Slagboom to second
Runner from 3rd tries for Home, SAFE, throw made home
Dick Slagboom to third
Eric Thompson to second
Batting: LHB Mike Callahan 0-0: Fly out, F4 (Popup, 4D)
Batting: RHB Enrico Ramos 0-0: Ball
1-0: Called Strike
1-1: Foul Ball, location: 2F
1-2: Ball
2-2: Strikes out swinging
Top of the 9th over - 1 run(s), 2 hit(s), 0 error(s), 2 left on base; Louisville 5 - Chattanooga 11
Tuesday, August 8th, 2017 - OOTP Baseball 17.12 Build 75